 Dungeon Crawl Stone Soup version 0.28-a0-1389-gc726bef33b (webtiles) character file.

Game seed: 2010950244016356906

126 Cheeritup the Chopper (level 4, -13/37 HPs)
             Began as a Palentonga Fighter on Jan 3, 2022.
             Killed by divine providence
             ... invoked by an orc priest
              (15 damage)
             ... on level 3 of the Dungeon.
             The game lasted 00:07:59 (3222 turns).

Cheeritup the Chopper (Palentonga Fighter)          Turns: 3222, Time: 00:08:00

Health: -13/37     AC:  7    Str: 19    XL:     4   Next: 84%
Magic:  4/4        EV:  5    Int: 11    God:
Gold:   113        SH:  4    Dex:  9    Spells: 3/3 levels left

rFire   . . .      SeeInvis +   a - +0 war axe
rCold   . . .      Faith    .   c - +0 buckler
rNeg    . . .      Spirit   .   f - +0 chain mail
rPois   .          Reflect  .   (no helmet)
rElec   .          Harm     .   (no cloak)
rCorr   .          Rampage  .   (no gloves)
Will    .....                   (no barding)
Stlth   ..........              (no amulet)
HPRegen 0.12/turn               (no ring)
MPRegen 0.09/turn               (no ring)

@: no status effects
A: large, rugged brown scales 3, see invisible, deformed body, roll 1, armoured
tail
a: Rolling Charge


You were on level 3 of the Dungeon.
You visited 1 branch of the dungeon, and saw 4 of its levels.

You collected 113 gold pieces.

Inventory:

Hand Weapons
 a - a +0 war axe (weapon)
 l - a +0 hunting sling
Armour
 c - a +0 buckler (worn)
 e - a +0 ring mail
 f - a +0 chain mail (worn)
Scrolls
 b - 3 scrolls of amnesia
Potions
 d - 2 potions of might
 g - 2 potions of cancellation {unknown}
 h - 2 potions of brilliance
 j - a potion of magic {unknown}
 k - 2 potions of heal wounds {unknown}


   Skills:
 - Level 3.1 Fighting
 * Level 4.7 Axes
 - Level 2.5 Armour
 - Level 2.5 Shields


You had 3 spell levels left.
You didn't know any spells.
Your spell library was empty.

Dungeon Overview and Level Annotations

Branches:
Dungeon (4/15)
 Temple: D:4-7

Altars:

Shops:
D:3 *   D:4 [


Innate Abilities, Weirdness & Mutations

You are completely covered in rugged brown scales. (AC +3, +7% HP)
You have supernaturally acute eyesight. (SInv)
Armour fits poorly on your strangely shaped body.
You can roll at nearby foes to attack.
You have a long armoured tail.


Message History

You kill the jackal!
No target in view!
You see here a jackal corpse.
You start resting.
HP restored.
Found a red potion.
g - 2 red potions (gained 1)
The orc priest shouts!
You hear a shout!
The orc shouts!
You hear a shout! x2
The orc shouts!
The orc priest hits you but does no damage.
You barely miss the orc priest. The orc barely misses you.
The orc sings a few bars from the Orcish anthem.
The orc priest hits you with a +0 dagger.
You slash the orc priest!
The orc priest is severely wounded.
The orc hits you from afar with a +2 trident of freezing.
The orc freezes you.
The orc priest looks encouraged for a moment.
You hit the orc priest.
The orc priest is severely wounded.
The orc priest barely misses you.
You hit the orc.
The orc is heavily wounded.
The orc priest calls upon Beogh to heal the orc.
The orc's wounds heal themselves!
The orc priest invokes the aid of Beogh against you.
Beogh smites you!
You slash the orc!
You kill the orc!
The orc priest mumbles some strange prayers to Beogh against you.
Beogh smites you!
* * * LOW HITPOINT WARNING * * *
The orc priest invokes the aid of Beogh against you.
Beogh smites you!
* * * LOW HITPOINT WARNING * * *
The orc priest looks satisfied for a moment.
The orc priest mumbles some strange prayers to Beogh against you.
Beogh smites you!
You die...

#.# ###... #o#
#..... ###.#
#.##.. #...#
###.##..
#o#########..∩....
#o# #.......#.#...
#.# #.#######.†..#
#.# #.# ####.#
#@###.# #.#
#.#####†.##.# #..
......†.....# ###
#.######.#### #.#
#.# #.# #.# #.#
#######


You could see an orc priest and an orc.

Vanquished Creatures
  An iguana (D:3)
  3 adders
  2 worms
  2 dart slugs
  An orc (D:3)
  2 ball pythons
  5 endoplasms
  3 giant cockroaches
  7 goblins
  9 hobgoblins
  3 jackals (D:3)
  2 kobolds
  4 quokkas
  6 bats
  3 frilled lizards
  4 rats
57 creatures vanquished.

Vanquished Creatures (others)
  9 plants (D:2)
9 creatures vanquished.

Grand Total: 66 creatures vanquished

Notes
Turn   | Place    | Note
-------+----------+-------------------------------------------
     0 | D:1      | Cheeritup the Palentonga Fighter began the quest for the
                  | Orb.
     0 | D:1      | Reached XP level 1. HP: 19/19 MP: 1/1
    90 | D:1      | Reached XP level 2. HP: 20/25 MP: 2/2
   447 | D:1      | Reached skill level 3 in Axes
   447 | D:1      | Reached XP level 3. HP: 31/31 MP: 3/3
   688 | D:1      | Found a faded altar of an unknown god.
  1938 | D:2      | Reached XP level 4. HP: 37/37 MP: 4/4
  2333 | D:3      | Reached skill level 4 in Axes
  2904 | D:4      | Found Tamn's Armour Shoppe.
  3076 | D:3      | Found Qurucku's Assorted Antiques.
  3213 | D:3      | HP: 1/37 [orc priest/divine providence (9)]
  3222 | D:3      | Killed from afar by an orc priest

Illustrated notes

Levels and vault maps discovered:
D:1:      minmay_arrival_radiant_lines, layout_basic,
          shapermc_ecumenical_altar_totnotflames, due_unseen_surprise
D:2:      layout_loops_ring, serial_bayou_pond_c, minmay_close_crescents
D:3:      layout_loops_ring, serial_shops, nicolae_shop_crystal,
          chequers_arboretum
D:4:      nicolae_cairo_tiling_large_dashed, layout_layer_cave, serial_shops,
          nicolae_stop_n_shop_1, uniq_blork_the_orc, uniq_eustachio

Skill      XL: |  1  2  3  4 |
---------------+-------------+-----
Axes           | 3 4 |  4.7
Fighting       | |  3.1
Armour         | |  2.5
Shields        | |  2.5

Action                   |  1- 3 |  4- 6 || total
-------------------------+-------+-------++-------
Melee: War axe           |   114 |    59 ||   173
       Tailslap          |    11 |     5 ||    16
 Abil: Rolling Charge    |    13 |     5 ||    18
  Use: Scroll            |       |     6 ||     6
Armor: Ring mail         |    53 |    16 ||    69
       Chain mail        |       |    13 ||    13
Dodge: Dodged            |    49 |    20 ||    69
Block: Buckler           |    18 |     6 ||    24

Table legend: (Time is in decaauts)
 A = Elapsed time spent in this place.
 B = Non-inter-level travel time spent in this place.
 C = Inter-level travel time spent in this place.
 D = Time resting spent in this place.
 E = Time spent auto-exploring this place.
 F = Levels seen in this place.
 G = Mean time per level.
                   A        B        C        D        E       F      G
               +--------+--------+--------+--------+--------+-----+--------+
         Total |   3286 |   3203 |     83 |    826 |   1684 |   4 |  821.5 |
       Dungeon |   3286 |   3203 |     83 |    826 |   1684 |   4 |  821.5 |
               +--------+--------+--------+--------+--------+-----+--------+

Top non-repeatable levels by time:
     D:2: 1263 daAuts
     D:1: 1093 daAuts
     D:3: 758 daAuts
     D:4: 171 daAuts
